Workbook
Name _ftn1: 'Costed Monitoring Plan'!$A$23
Name _ftnref1: 'Costed Monitoring Plan'!$A$18

Sheet Fund distribution summary
A2: Fund distribution summary
A4: Fund code | B4: Donor Name | C4: Donor Code | D4: Available Resources | E4: Receivable | F4: Total AWP current 2023 Budget | G4: Total AWP future year Budget (s) | H4: Un-Programmed
D5: A | E5: B | F5: C | G5: D | H5: E = (A + B)-(C +D)
A6: 30000 | B6: NETHERLANDS | C6: 00182 | D6: 30482.53 | F6: =AWP_2023!M117+AWP_2023!#REF!+AWP_2023!#REF! -> #REF! | H6: =(D6+E6)-(F6+G6) -> #REF!
A7: 30000 | B7: SIDA | C7: 00555 | D7: 532622.68 | F7: =AWP_2023!M113+AWP_2023!M124+AWP_2023!M132+AWP_2023!M135 -> 437531.46 | H7: =(D7+E7)-(F7+G7) -> 95091.22
A8: 30000 | B8: USAID | C8: 10480 | D8: 2309334.4 | E8: 4651973.5 | F8: =AWP_2023!M13+AWP_2023!M14+AWP_2023!M15+AWP_2023!M16+AWP_2023!M18+AWP_2023!M19+AWP_2023!M20+AWP_2023!M28+AWP_2023!M30+AWP_2023!M31+AWP_2023!M33+AWP_2023!M41+AWP_2023!M59+AWP_2023!M61+AWP_2023!M62+AWP_2023!M63+AWP_2023!M67+AWP_2023!M112+AWP_2023!M115+AWP_2023!M118+AWP_2023!M126+AWP_2023!M131+AWP_2023!M134 -> 2282073 | H8: =(D8+E8)-(F8+G8) -> 4679234.9
A9: 30000 | B9: NORWAY | C9: 10503 | D9: 60486.57 | F9: =AWP_2023!M116+AWP_2023!M122 -> 61030.026 | H9: =(D9+E9)-(F9+G9) -> -543.456
A10: 30079 | B10: EU | C10: 10159 | D10: 405570.53 | F10: =AWP_2023!M17+AWP_2023!M26+AWP_2023!M32+AWP_2023!M40+AWP_2023!M60+AWP_2023!M66+AWP_2023!M114+AWP_2023!M123+AWP_2023!M130+AWP_2023!M133 -> 320656.39 | H10: =(D10+E10)-(F10+G10) -> 84914.14
A11: 30000 | B11: FRANCE | C11: 00112 | D11: 5094.65 | F11: =AWP_2023!M121+AWP_2023!M125 -> 11535.362 | H11: =(D11+E11)-(F11+G11) -> -6440.7118
A12: 32045 | B12: JAPAN | C12: 00141 | D12: 430577.11 | F12: =AWP_2023!M23+AWP_2023!M27 -> 426904.88 | H12: =(D12+E12)-(F12+G12) -> 3672.23
B13: Total | D13: =SUM(D6:D12) -> 3774168.4 | E13: =SUM(E6:E12) -> 4651973.5 | F13: =SUM(F6:F12) -> #REF! | G13: =SUM(G6:G12) -> 0 | H13: =SUM(H6:H12) -> #REF!

Sheet AWP_2023
B1: Annual Work Plan 2023
A2: Atlas PROJECT ID: | B2: 00131655
A3: Atlas OUTPUT ID: | B3: 00124641
A4: ATLAS Project/Programme Title: | B4: Support to Iraq´s Electoral Process – Capacity Development
A5: Atlas OUTPUT Name | B5: Elections Capacity Development
A6: UNSDCF/CPD Outcome (2020-2024): | B6: 3.1. Strengthened institutions and systems deliver people-centred, evidence and needs-based equitable and inclusive gender and age-responsive services, especially for the most vulnerable populations, with particular focus on advocating for women’s leadership in decision-making processes.
A7: Applicable Key Result Area/Output (from 2018-2021 Strategic Plan): | B7: Output 2.2.2 Constitution-making, electoral and parliamentary processes and institutions strengthened to promote inclusion, transparency and accountability. Output Indicator 2.2.2.1. Number of Electoral Management Bodies (EMBs) with strengthened capacity to conduct inclusive and credible elections
A8: Applicable Key Result Area/Output (from 2022-2025 Strategic Plan):
A9: CPD Output (s) 2020-2024: | B9: Output 3.3: National institutions and mechanisms dedicated to promoting social cohesion and prevention of violent extremism strengthened
A10: EXPECTED OUTPUTS | B10: PLANNED ACTIVITIES | C10: TIMEFRAME | G10: RESPONSIBLE PARTY | I10: PLANNED BUDGET
A11: And baseline, associated indicators and annual targets | B11: List activity results and associated actions | C11: Q1 | D11: Q2 | E11: Q3 | F11: Q4 | H11: Fund Code | I11: Donor Name | J11: Donor Code | K11: Account Code | L11: Budget Description | M11: Amount (USD) | N11: Notes
A12: Output 1: Strengthened technical capacities of IHEC to deliver elections in a credible, professional manner.
A13: Output1.1: Operational and administrative capacities of IHEC to deliver CoR elections are improved. Indicators: 1.1.1- % of trained IHEC staff who feel that they are more effective in their jobs because of training and capacity development opportunities. 1.1.2-# of induction trainings held 1.1.3-# of fully functional tele-conferencing facilities established 1.1.4 - # of lessons learning exercises held at IHEC HQ and field offices Baselines (2020): 1.1.1 - 0% 1.1.2 - 0 1.1.3 - 0 1.1.4 - 0 Annual Target: 1.1.1-40% of senior managers trained 1.1.2-50% of IHEC aware of gender mainstreaining provisions 1.1.3 - 0 1.1.4 - 0 | B13: 1.1.1: Support to electoral preparations through capacity-building programmes for staff that instill values and principles underpinning transparent elections. | C13: X | D13: X | E13: X | F13: X | G13: UNAMI/ UNDP | H13: 30000 | I13: USAID | J13: 10480 | K13: 71400 | L13: Contractual Services - Individ | M13: 10000
B14: 1.1.2: Development and delivery of operations planning and management training for IHEC senior management. | C14: X | D14: X | E14: X | F14: X | G14: UNAMI/ UNDP | H14: 30000 | I14: USAID | J14: 10480 | K14: 71400 | L14: Contractual Services - Individ | M14: 20000
B15: 1.1.3: Technical support on gender mainstreaming on election management, including developing and designing IHEC’s internal gender policy. | C15: X | D15: X | E15: X | F15: X | G15: UNAMI/ UNDP | H15: 30000 | I15: USAID | J15: 10480 | K15: 71400 | L15: Contractual Services - Individ | M15: 50000
B16: 1.1.4: Gender mainstream training for IHEC operations staff in Baghdad and governorate offices. | C16: X | D16: X | E16: X | F16: X | G16: UNAMI/ UNDP | H16: 30000 | I16: USAID | J16: 10480 | K16: 71400 | L16: Contractual Services - Individ | M16: 84000
C17: X | D17: X | E17: X | F17: X | G17: UNAMI/ UNDP | H17: 30079 | I17: EU | J17: 10159 | K17: 71400 | L17: Contractual Services - Individ | M17: 0
B18: 1.1.5: UN support for electoral security planning through participation in the High Election Security Council meetings. | C18: X | D18: X | E18: X | F18: X | G18: UNAMI/ UNDP | H18: 30000 | I18: USAID | J18: 10480 | K18: 71400 | L18: Contractual Services - Individ | M18: 70000
B19: 1.1.6: Procurement and installation of conferencing capacities to facilitate management of meetings and trainings in IHEC HQ and GEOs during COVID-19 emergency. | C19: X | D19: X | E19: X | F19: X | G19: UNAMI/ UNDP | H19: 30000 | I19: USAID | J19: 10480 | K19: 71400 | L19: Contractual Services - Individ | M19: 40000
B20: 1.1.7: A lessons-learned workshop (facilitated by international experts) to identify challenges encountered along the electoral process and recommend solutions. | C20: X | D20: X | E20: X | F20: X | G20: UNAMI/ UNDP | H20: 30000 | I20: USAID | J20: 10480 | K20: 71400 | L20: Contractual Services - Individ | M20: 40000
B21: 1.1.8: Support to IHEC in Upgrading the Capacities of its Central Servers for Biometric Voter Registration | G21: UNAMI/ UNDP | L21: Information Technology Equipment
B22: 1.1.9: Establishing In-House Biometric Voter Card Printing Capacity | G22: UNAMI/ UNDP | L22: Information Technology Equipment
B23: 1.1.10: Package of Upgrade for IHEC GEO and HQ Network Capacities | C23: X | D23: X | E23: X | F23: X | G23: UNAMI/ UNDP | H23: 32045 | I23: Japan | J23: 141 | K23: 72800 | L23: Information Technology Equipment | M23: 395282.3
B24: 1.1.11: Support with E-Day COVID-19 Mitigation Measures for Polling Staff | C24: X | D24: X | E24: X | F24: X | G24: UNAMI/ UNDP | L24: Materials & Supplies
B25: Monitoring Costs | C25: X | D25: X | E25: X | F25: X | G25: UNAMI/ UNDP
B26: GMS (8%) | C26: X | D26: X | E26: X | F26: X | G26: UNDP | H26: 30079 | I26: EU | J26: 10159 | K26: 75100 | L26: Facilities & Administration | M26: =M17*108/100-M17 -> 0
B27: GMS (8%) | C27: X | D27: X | E27: X | F27: X | G27: UNDP | H27: 32045 | I27: Japan | J27: 141 | K27: 75100 | L27: Facilities & Administration | M27: =(M23*108/100)-M23 -> 31622.584
B28: GMS (8%) | C28: X | D28: X | E28: X | F28: X | G28: UNDP | H28: 30000 | I28: USAID | J28: 10480 | K28: 75100 | L28: Facilities & Administration | M28: =(SUM(M13:M16)+SUM(M18:M20))*108/100-SUM(M13:M16)-SUM(M18:M20) -> 25120
L29: SUB-TOTAL (OUTPUT 1.1) | M29: =SUM(M13:M28) -> 766024.88
A30: Output1.2: The technical capacity of IHEC staff at HQ and governorates offices is developed through a comprehensive capacity development strategy Indicators: 1.2.1- % of IHEC staff (HQ and governorate offices) aware of gender mainstreaming provisions relevant to their respective areas/departments 1.2.2 # of master trainers trained (gender disaggregated) 1.2.3 # of thematic trainings held at HQ and field offices (result to be reported disaggregated by theme) 1.2.4 # of comprehensive capacity development strategy and action plan developed by IHEC 1.2.5 # of IHEC staff trained at HQ and field offices (gender disaggregated) Baselines (2020): 1.2.1 - 0% 1.2.2 - 0 1.2.3 - 0 1.2.4 - 0 1.2.5 - 0 Annual Target: 1.2.1- 50% 1.2.2 - 10 (25% women) 1.2.3 - 2 1.2.4 - 0 1.2.5- 200 | B30: 1.2.1: Design of a comprehensive capacity development strategy and action plan and monitoring and evaluation activities to assess its effectiveness. | C30: X | D30: X | E30: X | F30: X | G30: UNAMI/ UNDP | H30: 30000 | I30: USAID | J30: 10480 | K30: 61300 | L30: Salary & Post Adj Cst-IP Staff | M30: 10000
B31: 1.2.2: Design of an induction package and delivery of induction training for newly recruited GEO staff. Gender-responsive electoral processes will be integrated in the induction. | C31: X | D31: X | E31: X | F31: X | G31: UNAMI/ UNDP | H31: 30000 | I31: USAID | J31: 10480 | K31: 61300 | L31: Salary & Post Adj Cst-IP Staff | M31: 40000
B32: 1.2.3: Training for master trainers at IHEC HQ and governorate level, including on gender perspectives. | C32: X | D32: X | E32: X | F32: X | G32: UNAMI/ UNDP | H32: 30079 | I32: EU | J32: 10159 | K32: 61300 | L32: Salary & Post Adj Cst-IP Staff | M32: 0
C33: X | D33: X | E33: X | F33: X | G33: UNAMI/ UNDP | H33: 30000 | I33: USAID | J33: 10480 | K33: 61300 | L33: Salary & Post Adj Cst-IP Staff | M33: 81000
B34: 1.2.4: Training on devolved results management, and specialized training in Information and Communication technology (ICT). | C34: X | D34: X | E34: X | F34: X | G34: UNAMI/ UNDP | L34: Training, Workshops & Conference and Travel
B35: 1.2.5: Training on electoral operations and procedures. COVID-19 Trainings | C35: X | D35: X | E35: X | F35: X | G35: UNAMI/ UNDP | L35: Training, Workshops & Conference and Travel
C36: X | D36: X | E36: X | F36: X | G36: UNAMI/ UNDP | L36: International/local consultants
B37: 1.2.6: Training on reporting and monitoring, using gender indicators on elections management. | C37: X | D37: X | E37: X | F37: X | G37: UNAMI/ UNDP | L37: Training, Workshops & Conference and Travel
B38: 1.2.7: Procurement and installation of conferencing facilities to supporting GEO remote training and meetings during COVID-19 emergency. | C38: X | D38: X | E38: X | F38: X | G38: UNAMI/ UNDP | L38: Information Technology Equipment
B39: Monitoring Costs
B40: GMS (8%) | C40: X | D40: X | E40: X | F40: X | G40: UNDP | H40: 30079 | I40: EU | J40: 10159 | K40: 75100 | L40: Facilities & Administration | M40: =M32*108/100-M32 -> 0
B41: GMS (8%) | C41: X | D41: X | E41: X | F41: X | G41: UNDP | H41: 30000 | I41: USAID | J41: 10480 | K41: 75100 | L41: Facilities & Administration | M41: =(M30+M31+M33)*108/100-M30-M31-M33 -> 10480 | N41: Not correctly included in the final budget approved by donor
L42: SUB-TOTAL (OUTPUT 1.2) | M42: =SUM(M30:M41) -> 141480
A43: Output 1.3
A44: Output1.3: The electoral legal framework is strengthened Indicators: 1.3.1 # of legal provisions/policy measures amended to be more inclusive 1.3.2 # of awareness raising interventions conducted on enhanced inclusivity and participation Baselines (2020) 1.3.1 - 0 1.3.2 - 0 Annual Target: 1.3.1 - 2 1.3.2 - 3 | B44: 1.3.1: Review of existing IHEC regulations and instructions to align with international best practices. | C44: X | D44: X | E44: X | F44: X | G44: UNAMI/ UNDP | L44: International/national Advisers
B45: 1.3.2: Advocacy and support and provision of technical advice in designing legislation and/or policy measures to promote the political participation and representation of women, youth and marginalized groups. | C45: X | D45: X | E45: X | F45: X | G45: UNAMI/ UNDP | L45: International/national Advisers
B46: 1.3.3: Provision of technical advice and assistance on monitoring and enforcement of existing electoral legislation; provide support in awareness raising of special measures to increase political participation of women, youth, the displaced and other marginalized groups. | C46: X | D46: X | E46: X | F46: X | G46: UNAMI/ UNDP | L46: International/national Advisers
B47: Monitoring Costs
B48: GMS (8%) | C48: X | D48: X | E48: X | F48: X | G48: UNDP | K48: 75100 | L48: Facilities & Administration
L49: SUB-TOTAL (OUTPUT 1.3) | M49: =SUM(M44:M48) -> 0
L50: SUB-TOTAL (OUTPUT 1) | M50: =M29+M42+M49 -> 907504.88
A51: Output 2: The conduct of key electoral operations for Council of Representatives elections is improved.
A52: Output 2.1: IHEC acts in a transparent manner through improved communication Indicators: 2.1.1- # of Comprehensive communication and media strategy for elections in place 2.1.2 # of viewers/users of IHEC’s website and other social media platforms 2.1.3 # of staff using project supported institutional email system and operational guidelines for field offices in place Baselines (2020): 2.1.1 - 0 2.1.2 - 0 2.1.3 - 0 Annual Target: 2.1.1 - 0 2.1.2 - 1,000,000 2.1.3 - 800 | B52: 2.1.1: Support to the development of IHEC’s comprehensive communication and media strategy for elections. | C52: X | D52: X | E52: X | F52: X | G52: UNAMI/ UNDP | L52: International/ National Advisers
C53: X | D53: X | E53: X | F53: X | G53: UNAMI/ UNDP | L53: International/ National Advisers
B54: 2.1.2: Provision of technical advice and support on IHEC’s website and social media strategy to disseminate information relevant to the electoral process. | C54: X | D54: X | E54: X | F54: X | G54: UNAMI/ UNDP | L54: International/ National Advisers
B55: 2.1.3: Provision of technical advice to create a systematic and effective internal communications system (including setting up a corporate IHEC emailing system and improve connectivity between HQ and GEOs). | C55: X | D55: X | E55: X | F55: X | G55: UNAMI/ UNDP | L55: International/ National Advisers
B56: Monitoring Costs
B57: GMS (8%) | C57: X | D57: X | E57: X | F57: X | G57: UNDP | K57: 75100 | L57: Facilities & Administration
L58: SUB-TOTAL (OUTPUT 2.1) | M58: =SUM(M52:M57) -> 0
A59: Output 2.2: IHEC promotes inclusiveness in all phases of the electoral process and in its working environment, with a special focus on the participation of women, first-time voters and marginalized groups Indicators: 2.2.1 # of IHEC policies and procedures that were gender mainstreamed 2.2.2 # of trainings held on importance of women and youth participation Baselines (2020): 2.2.1 - 0 2.2.2 - 0 Annual Target: 2.2.1 - 4 2.2.2 - 4 | B59: 2.2.1: Conduct an internal assessment of IHEC’s gender policies, to identify gaps in existing practices and identify opportunities for gender mainstreaming. | C59: X | D59: X | E59: X | F59: X | G59: UNAMI/ UNDP | H59: 30000 | I59: USAID | J59: 10480 | K59: 61300 | L59: Salary & Post Adj Cst-IP Staff | M59: 89810
B60: 2.2.2: Provide guidance and support to development of an internal gender policy which defines IHEC´s operational objectives, responsibilities and targets on gender equality - on human resources, operations and staff capacity development. | C60: X | D60: X | E60: X | F60: X | G60: UNAMI/ UNDP | H60: 30079 | I60: EU | J60: 10159 | K60: 61300 | L60: Salary & Post Adj Cst-IP Staff | M60: 0
C61: X | D61: X | E61: X | F61: X | G61: UNAMI/ UNDP | H61: 30000 | I61: USAID | J61: 10480 | K61: 61300 | L61: Salary & Post Adj Cst-IP Staff | M61: 75000
B62: 2.2.3: Provision of training on gender responsive electoral processes. | C62: X | D62: X | E62: X | F62: X | G62: UNAMI/ UNDP | H62: 30000 | I62: USAID | J62: 10480 | K62: 61300 | L62: Salary & Post Adj Cst-IP Staff | M62: 80000
B63: 2.2.4: Provision of guidance and support to the IHEC’s gender unit/focal point | C63: X | D63: X | E63: X | F63: X | G63: UNAMI/ UNDP | H63: 30000 | I63: USAID | J63: 10480 | K63: 61300 | L63: Salary & Post Adj Cst-IP Staff | M63: 70000
B64: 2.2.5: Provision of training and support for awareness-raising strategies to help IHEC promote youth and marginalized groups’ participation and representation in electoral processes. | C64: X | D64: X | E64: X | F64: X | G64: UNAMI/ UNDP
B65: Monitoring Costs | C65: X | D65: X | E65: X | F65: X | G65: UNAMI
B66: GMS (8%) | G66: UNDP | H66: 30079 | I66: EU | J66: 10159 | K66: 75100 | L66: Facilities & Administration | M66: =SUM(M60)*108/100-SUM(M60) -> 0
B67: GMS (8%) | C67: X | D67: X | E67: X | F67: X | G67: UNDP | H67: 30000 | I67: USAID | J67: 10480 | K67: 75100 | L67: Facilities & Administration | M67: =(M59+M61+M62+M63)*108/100-M59-M61-M62-M63 -> 25184.8
L68: SUB-TOTAL (OUTPUT 2.2) | M68: =SUM(M59:M67) -> 339994.8
L69: SUB-TOTAL (OUTPUT 2) | M69: =M58+M68 -> 339994.8
A70: Output 3 The conduct of key electoral operations for the Council of Representatives elections is improved.
A71: Output 3.1: Support to IHEC’s operational and administrative preparations at the central and field offices. Indicators: 3.1.1 Assessment of application of new technologies in Voter Registration processes, with actionable recommendations, produced 3.1.2 # of trainings conducted on use of new technologies 3.1.3 # of operational trainings on procedures and rules of VR 3.1.4 # of advisories provided to IHEC in procuring and overseeing an independent audit of the election results management system 3.1.5 # of IDPs registered as voters (gender disaggregated) 3.1.6 Gender disaggregated voter registration data available Baselines (2020): 3.1.1 - 0 3.1.2 - 0 3.1.3 - 0 3.1.4 -0 3.1.5 - 0 Annual Target: 3.1.1 - 0 3.1.2 - 0 3.1.3 - 0 3.1.4 -0 3.1.5 - 0 | B71: 3.1.1 'Support to the voter registration process for more accurate voters´ lists | C71: X | D71: X | E71: X | F71: X | G71: UNAMI/ UNDP | L71: Training, Workshops & Conference + Travel
B72: 3.1.2 'Development of D-day procedures and training manuals, including production of innovative training tools | C72: X | D72: X | E72: X | F72: X | G72: UNAMI/ UNDP | L72: Training, Workshops & Conference + Travel
B73: 3.1.3 'Assisting in the formulation and implementation of cascade training plan | C73: X | D73: X | E73: X | F73: X | G73: UNAMI/ UNDP | L73: Training, Workshops & Conference + Travel
B74: 3.1.4 'Support for the preparation and management of a Results Management System (RMS) | C74: X | D74: X | E74: X | F74: X | G74: UNAMI/ UNDP | L74: Training, Workshops & Conference + Travel
C75: X | D75: X | E75: X | F75: X | G75: UNAMI/ UNDP | L75: Training, Workshops & Conference + Travel
B76: 3.1.5 'Training and ongoing support to IHEC staff on Results Management, seats allocation and Information and Communication Technology (ICT) | C76: X | D76: X | E76: X | F76: X | G76: UNAMI/ UNDP | L76: Training, Workshops & Conference + Travel
B77: Monitoring Costs | C77: X | D77: X | E77: X | F77: X | G77: UNAMI
B78: GMS (8%) | C78: X | D78: X | E78: X | F78: X | G78: UNDP | K78: 75100 | L78: Facilities & Administration | M78: =SUM(M71:M77)*108/100-SUM(M71:M77) -> 0
L79: SUB-TOTAL (OUTPUT 3.1) | M79: =SUM(M71:M78) -> 0
A80: Output 3.2: Support to civic and voter education initiatives Indicators: 3.2.1: # of calls for proposal completed to administer small grants to civil society groups to implement countrywide voter education campaigns 3.2.2 # of voter education materials produced 3.2.3 # of comprehensive youth motivational campaign using social media developed, with a specific focus on young people (first time voters) 3.2.4 # of grants issued to civil society organizations to support the work of CSOs and national media Baselines (2020): 3.2.1 - 0 3.2.2 - 0 3.2.3 - 0 3.2.4 - 0 Annual Target: 3.2.1- 0 call for proposals in 2022 3.2.2 - 0 documents produced 3.2.3 - 0 campaigns 3.2.4 - 0 grants | B80: 3.2.1 'Administer a small grants programme to support civil society groups in the implementation of countrywide voter education campaigns: The provision of small targeted grants will enable the involvement of youth groups in a voter participation campaign specifically targeting youth; groups representing people with disabilities, to reach out to disabled voters; and the dissemination of civic and voter education to IDPs and minority communities. | C80: X | D80: X | E80: X | F80: X | G80: UNAMI/ UNDP | L80: Training, Workshops & Conference + Travel
B81: 3.2.2 'Support for the production of voter education materials | C81: X | D81: X | E81: X | F81: X | G81: UNAMI/ UNDP | L81: Training, Workshops & Conference + Travel
B82: 3.2.3 'Support for a youth motivational campaign using social media | C82: X | D82: X | E82: X | F82: X | G82: UNAMI/ UNDP | L82: Training, Workshops & Conference + Travel
B83: Monitoring Costs | G83: UNAMI
B84: GMS (8%) | C84: X | D84: X | E84: X | F84: X | G84: UNDP | K84: 75100 | L84: Facilities & Administration | M84: =SUM(M80:M83)*108/100-SUM(M80:M83) -> 0
L85: SUB-TOTAL (OUTPUT 3.2) | M85: =SUM(M80:M84) -> 0
A86: Output 3.3: Improvement of IHEC’s structured engagement with stakeholders Indicators: 3.3.1 # of information working groups/meetings with key stakeholders in electoral processes 3.3.2 A fully functional IHEC Media Centre is established 3.3.3 19 Governorate Electoral Offices (GEOs) and 1 national results acceleration center established Baselines (2020): 3.3.1 - 0 3.3.2 - 0 3.3.3 - 0 Annual Target: 3.3.1 - 0 3.3.2 - 0 3.3.3 - 0 | B86: 3.3.1 'Support for regular IHEC briefing of electoral stakeholders, such as political parties, media and civil society groups | C86: X | D86: X | E86: X | F86: X | G86: UNAMI/ UNDP | L86: Training, Workshops & Conference + Travel
B87: 3.3.2 'Support for the establishment of a well-equipped, fully functional IHEC Media Centre | C87: X | D87: X | E87: X | F87: X | G87: UNAMI/ UNDP | L87: Information Technology Equipment
C88: X | D88: X | E88: X | F88: X | G88: UNAMI/ UNDP | L88: Information Technology Equipment
B89: 3.3.3 Support for the establishment of IHEC Governorate Results Announcement Centers (GEO RAC) complementary to National Results Announcement Center (NRAC) in Baghdad' | C89: X | D89: X | E89: X | F89: X | G89: UNAMI/ UNDP | L89: Information Technology Equipment + Assessment
C90: X | D90: X | E90: X | F90: X | G90: UNAMI/ UNDP | L90: Information Technology Equipment + Assessment
B91: Monitoring Costs
B92: GMS (8%) | C92: X | D92: X | E92: X | F92: X | G92: UNDP | K92: 75100 | L92: Facilities & Administration | M92: =SUM(M86:M91)*108/100-SUM(M86:M91) -> 0
L93: SUB-TOTAL (OUTPUT 3.3) | M93: =SUM(M86:M92) -> 0
A94: Output 3.4: 'IHEC promotes inclusiveness in all phases of the electoral process for a conducive electoral environment Indicators: 3.4.1 # of trainings provided to women candidates 3.4.2 Electoral Code of Conduct is developed for 2021 3.4.3 # of specialized trainings to counter hate speech delivered to political actors and media Baselines (2020): 3.4.1 - 0 3.4.2 - 0 3.4.3 - 0 Annual Target: 3.4.1 - 0 3.4.2 - 0 3.4.3 - 0 | B94: 3.4.1 Training for female candidates | C94: X | D94: X | E94: X | F94: X | G94: UNAMI/ UNDP | L94: Training, Workshops & Conference + Travel
B95: 3.4.2 Support to IHEC in developing an electoral Code of Conduct (in collaboration with UNAMI´s Office of Political Affairs) | C95: X | D95: X | E95: X | F95: X | G95: UNAMI/ UNDP | L95: Training, Workshops & Conference + Travel
B96: 3.4.3 Delivery of specialized training to counter hate speech | C96: X | D96: X | E96: X | F96: X | G96: UNAMI/ UNDP | L96: Training, Workshops & Conference + Travel
B97: Monitoring Costs
B98: GMS (8%) | C98: X | D98: X | E98: X | F98: X | G98: UNDP | K98: 75100 | L98: Facilities & Administration | M98: =SUM(M94:M97)*108/100-SUM(M94:M97) -> 0
L99: SUB-TOTAL (OUTPUT 3.1) | M99: =SUM(M94:M98) -> 0
A100: Output 3.5: Strengthen IHEC’s electoral adjudication mechanism and appeals process Indicators: 3.5.1: # of reviews of IHEC complaints adjudication system completed 3.5.2: # of framework for the appeals process established 3.5.3: # of specialized trainings on the complaints adjudication system and appeals system delilvered 3.5.4: # of Public information campaigns for electoral stakeholders and electorate is designed and delivered Baselines (2020): 3.5.1 - 0 3.5.2 - 0 3.5.3 - 0 3.5.4 - 0 Annual Target: 3.5.1 - 0 3.5.2 - 0 3.5.3 - 0 3.5.4 - 0 | B100: 3.5.1 'Review of IHEC complaints adjudication system | C100: X | D100: X | E100: X | F100: X | G100: UNAMI/ UNDP | L100: Training, Workshops & Conference + Travel
...

Sheet Note on the Budget
C2: The key role of the project staff is building the capacity of IHEC through the provision of technical advice and guidance to the IHEC staff.
C3: Therefore, in the 2023 AWP, the salary of the project staff is allocated 50:50 to program activities under Activity 1.1, 1.2 and 2.2 and project management under Activity 3.6 respectively.

Sheet HR Plan
A1: UNDP Iraq
A2: Human Resource Plan 20xx
A3: Project/Programme Title:
A4: Project ID: 00131655
A5: Output ID: 00
A6: No. | B6: Post Title (As per Approved Project Organogram) | C6: Status (Vacant/Filled) | D6: Name (for positions already Filled) | E6: Number of Posts | F6: Type of Contract | G6: Category (National/ International) | H6: Grade | I6: Pro Forma | J6: Estimated Budget | K6: COA | O6: Funds Available in Work Plan (Yes/No) | P6: Expected or actual End of Contract | Q6: Required period of extension | R6: Project end date | T6: Remarks
K8: Project | L8: Donor | M8: Fund Code | N8: Activity | S8: Expection completion date of HR process
A9: 1 | B9: Project Manager | C9: Filled | D9: Sammy Alfandika | E9: 1 | F9: FTA | G9: International | H9: P4 | I9: 282925.98 | J9: 282925.98 | K9: 00124641 | L9: 10480 | M9: 30000 | N9: 3.6 | O9: Yes | P9: 45291 | Q9: 45291 | R9: 45291
A10: 2 | B10: Finance Specialist | C10: Filled | D10: Worknesh KETEMA | E10: 1 | F10: FTA | G10: International | H10: P3 | I10: 245998.35 | J10: 245998.35 | K10: 00124641 | L10: 10480 | M10: 30000 | N10: 3.6 | O10: Yes | P10: 45291 | Q10: 45291 | R10: 45291
A11: 3 | B11: Legal Advisor | C11: Filled | D11: Josepf Tummers | E11: 1 | F11: FTA | G11: International | H11: P4 | I11: 282925.98 | J11: =(I11/12)*9 -> 212194.49 | K11: 00124641 | L11: 10480 | M11: 30000 | N11: 1.1 | O11: Yes | P11: 45291 | Q11: 45291 | R11: 45291
A12: 4 | B12: ICT Officer | C12: Filled | D12: Ammar SAEEDI | E12: 1 | F12: SC | G12: National | H12: SB5 | I12: 75249.024 | J12: 75249.024 | K12: 00124641 | L12: 10480 | M12: 30000 | N12: 1.1 | O12: Yes | P12: 45291 | Q12: 45291 | R12: 45291
A13: 5 | B13: Programme Support | C13: Filled | D13: Firas AL-KARKHI | E13: 1 | F13: SC | G13: Natioal | H13: SB-5 | I13: 75249.024 | J13: 75249.024 | K13: 00124641 | L13: 10480 | M13: 30000 | N13: 3.6 | O13: Yes | P13: 45291 | Q13: 45291 | R13: 45291
A14: 6 | B14: Electoral Support | C14: Filled | D14: Ali Ehsan Naser AL-KHAFAJI | E14: 1 | F14: SC | G14: National | H14: SB-4 | I14: =56277.504 -> 56277.504 | J14: 56277.504 | K14: 00124641 | L14: 10480 | M14: 30000 | N14: 3.6 | O14: Yes | P14: 45291 | Q14: 45291 | R14: 45291
A15: 7 | B15: Communication Officer | C15: Filled | D15: Aous Youns | E15: 1 | F15: SC | G15: National | H15: SB5 | I15: 75249.024 | J15: 75249.024 | K15: 00124641 | L15: 10480 | M15: 30000 | N15: 3.6 | O15: Yes | P15: 45291 | Q15: 45291 | R15: 45291
A16: 8 | B16: Driver | C16: Filled | D16: Mohanad Ali Najm | E16: 1 | F16: SC | G16: National | H16: SB-2 | I16: =41481.0716 -> 41481.072 | J16: 41481.072 | K16: 00124641 | L16: 10480 | M16: 30000 | N16: 1.1 | O16: Yes | P16: 45291 | Q16: 45291 | R16: 45291
A17: 9 | B17: Financial Mgmt Support | C17: Vacant | D17: To be filled | E17: 1 | F17: SC | G17: National | H17: SB5 | I17: =6018.18*12+ (6018.18*12)*0.04 -> 75106.886 | J17: =(I17/12)*9.5 -> 59459.618 | K17: 00124641 | L17: 10480 | M17: 30000 | N17: 3.6 | O17: Yes | P17: 45291 | Q17: 45291 | R17: 45291
A18: 10 | B18: Operations Officer | C18: Vacant | D18: To be filled | E18: 1 | F18: SC | G18: National | H18: SB4 | I18: =6018.18*12+ (6018.18*12)*0.04 -> 75106.886 | J18: =(I18/12)*9.5 -> 59459.618 | K18: 00124641 | L18: 10480 | M18: 30000 | N18: 3.6 | O18: Yes | P18: 45291 | Q18: 45291 | R18: 45291
A19: 11 | B19: Asset/Administration Officer | C19: Vacant | D19: To be filled | E19: 1 | F19: SC | G19: National | H19: SB5 | I19: =6018.18*12+ (6018.18*12)*0.04 -> 75106.886 | J19: =(I19/12)*9.5 -> 59459.618 | K19: 00124641 | L19: 10480 | M19: 30000 | N19: 3.6 | O19: Yes | P19: 45291 | Q19: 45291 | R19: 45291
A20: 12 | B20: Operations Adviser | C20: Vacant | D20: To be filled | E20: 1 | F20: TA | G20: International | H20: P4 | I20: 246953.39 | J20: =(I20/12)*9 -> 185215.04 | K20: 00124641 | L20: 555 | M20: 30000 | N20: 1.2 | O20: Yes | P20: 45291 | Q20: 45291 | R20: 45291
A21: 13 | B21: Field Coordination Adviser | C21: Vacant | D21: To be filled | E21: 1 | F21: TA | G21: International | H21: P4 | I21: 246953.39 | J21: =(I21/12)*9 -> 185215.04 | K21: 00124641 | L21: 555 | M21: 30000 | N21: 3.6 | O21: Yes | P21: 45291 | Q21: 45291 | R21: 45291
A22: 14 | B22: ICT Specialist | C22: Vacant | D22: To be filled | E22: 1 | F22: TA | G22: International | H22: P4 | I22: 246953.39 | J22: =(I22/12)*9 -> 185215.04 | K22: 00124641 | L22: 10159 | M22: 30079 | N22: 3.6 | O22: Yes | P22: 45291 | Q22: 45291 | R22: 45291
A23: 15 | B23: Communication Adviser | C23: Vacant | D23: To be filled | E23: 1 | F23: TA | G23: International | H23: P4 | I23: 246953.39 | J23: =(I23/12)*9 -> 185215.04 | K23: 00124641 | L23: 10480 | M23: 30000 | N23: 3.6 | O23: Yes | P23: 45291 | Q23: 45291 | R23: 45291
A24: 16 | B24: Legal Officer | C24: Vacant | D24: To be filled | E24: 1 | F24: SC | G24: National | H24: SB5 | I24: =6018.18*12+ (6018.18*12)*0.04 -> 75106.886 | J24: =(I24/12)*9.5 -> 59459.618 | K24: 00124641 | L24: 10480 | M24: 30000 | N24: 3.6 | O24: Yes | P24: 45291 | Q24: 45291 | R24: 45291
A25: 17 | B25: Security Adviser | C25: Vacant | D25: To be filled | E25: 1 | F25: TA | G25: International | H25: P4 | I25: 246953.39 | J25: =(I25/12)*9 -> 185215.04 | K25: 00124641 | L25: 10480 | M25: 30000 | N25: 3.6 | O25: Yes | P25: 45291 | Q25: 45291 | R25: 45291
A26: 18 | B26: Transportation Support | C26: Vacant | D26: To be filled | E26: 1 | F26: SC | G26: National | H26: SB2 | I26: =(1872*12)+(1872*12)*0.04 -> 23362.56 | J26: =(I26/12)*9.5 -> 18495.36 | K26: 00124641 | L26: 10480 | M26: 30000 | N26: 3.6 | O26: Yes | P26: 45291 | Q26: 45291 | R26: 45291
A27: 19 | B27: Electoral Support | C27: Vacant | D27: To be filled | E27: 1 | F27: SC | G27: National | H27: SB5 | I27: =(6018.18*12)+ (6018.18*12)*0.04 -> 75106.886 | J27: =(I27/12)*9.5 -> 59459.618 | K27: 00124641 | L27: 10480 | M27: 30000 | N27: 1.2 | O27: Yes | P27: 45291 | Q27: 45291 | R27: 45291
A28: 20 | B28: KRG Electoral Adviser | C28: Vacant | D28: To be filled | E28: 1 | F28: TA | G28: International | H28: P4 | I28: 246953.39 | J28: =(I28/12)*9 -> 185215.04 | K28: 00124641 | L28: 10480 | M28: 30000 | N28: 2.2 | O28: Yes | P28: 45291 | Q28: 45291 | R28: 45291
A29: 21 | B29: ICT Specialist | C29: Vacant | D29: To be filled | E29: 1 | F29: TA | G29: International | H29: P4 | I29: 246953.39 | J29: =(I29/12)*9 -> 185215.04 | K29: 00124641 | L29: 10480 | M29: 30000 | N29: 2.2 | O29: Yes | P29: 45291 | Q29: 45291 | R29: 45291
A30: 22 | B30: Legal Specialist | C30: Vacant | D30: To be filled | E30: 1 | F30: TA | G30: International | H30: P3 | I30: 214379.11 | J30: =(I30/12)*9 -> 160784.33 | K30: 00124641 | L30: 10159 | M30: 30079 | N30: 1.1 | O30: Yes | P30: 45291 | Q30: 45291 | R30: 45291
A31: 23 | B31: Liaison and Reporting Officer | C31: Vacant | D31: To be filled | E31: 1 | F31: IUNV | G31: International | H31: IUNV | I31: 47595 | J31: =(I31/12)*9 -> 35696.25 | K31: 00124641 | L31: 10480 | M31: 30000 | N31: 3.6 | O31: Yes | P31: 45291 | Q31: 45291 | R31: 45291
A32: 24 | B32: Planning Specialist | C32: Vacant | D32: To be filled | E32: 1 | F32: IUNV | G32: International | H32: IUNV | I32: 47595 | J32: =(47595/12)*9 -> 35696.25 | K32: 00124641 | L32: 10159 | M32: 30079 | N32: 3.6 | O32: Yes | P32: 45291 | Q32: 45291 | R32: 45291
A33: 25 | B33: Security Officer | C33: Vacant | D33: To be filled | E33: 1 | F33: SC | G33: National | H33: SB3 | I33: =(3996.81*12)+(3996.81*12)*0.04 -> 49880.189 | J33: =(I33/12)*9.5 -> 39488.483 | K33: 00124641 | L33: 10480 | M33: 30000 | N33: 3.6 | O33: Yes | P33: 45291 | Q33: 45291 | R33: 45291
A34: 26 | B34: Security Officer | C34: Vacant | D34: To be filled | E34: 1 | F34: SC | G34: National | H34: SB3 | I34: =(3996.81*12)+(3996.81*12)*0.04 -> 49880.189 | J34: =(I34/12)*9.5 -> 39488.483 | K34: 00124641 | L34: 10480 | M34: 30000 | N34: 3.6 | O34: Yes | P34: 45291 | Q34: 45291 | R34: 45291
I35: =SUM(I9:I32) -> 3572495.8 | J35: =SUM(J9:J32) -> 2909100
B36: GMS
B37: Total

Sheet Sheet6
A3: Sum of Amount (USD) | C3: Donor Name
A4: Account Code | B4: Budget Description | C4: EU | D4: France | E4: Japan | F4: Norway | G4: SIDA | H4: USAID | I4: Grand Total | J4: Description
A5: 61300 | B5: Salary & Post Adj Cst-IP Staff | C5: 232904.06 | G5: 341121.72 | H5: 1522023.2 | I5: 2096049 | J5: staff salary | K5: =GETPIVOTDATA("Amount (USD)",$A$3,"Account Code",61300,"Budget Description","Salary & Post Adj Cst-IP Staff ")+GETPIVOTDATA("Amount (USD)",$A$3,"Account Code",71400,"Budget Description","Contractual Services - Individ")+GETPIVOTDATA("Amount (USD)",$A$3,"Account Code",71400,"Budget Description","Salary & Post Adj Cst-IP Staff ") -> 2583056.4
A6: 71200 | B6: International Consultant | F6: 56509.283 | H6: 40000 | I6: 96509.283 | J6: consultant and operating costs
A7: 71400 | B7: Contractual Services - Individ | H7: 314000 | I7: 314000 | J7: staff salary
B8: Salary & Post Adj Cst-IP Staff | H8: 173007.4 | I8: 173007.4 | J8: staff salary
A9: 72800 | B9: Information Technology Equipment | E9: 395282.3 | I9: 395282.3 | J9: IT Equipments
A10: 74000 | B10: Miscellaneous Operating Expens | D10: 19192.022 | I10: 19192.022 | J10: Monitoring and operating costs
A11: 74500 | B11: Staff Mgmt Costs - IP Staff (Services to Projects) | C11: 64000 | G11: 64000 | H11: 64000 | I11: 192000 | J11: DPC
A12: 75100 | B12: Facilities & Administration | C12: 23752.325 | D12: 1535.3618 | E12: 31622.584 | F12: 4520.7427 | G12: 32409.738 | H12: 169042.45 | I12: 262883.2 | J12: GMS
A13: Grand Total | C13: 320656.39 | D13: 20727.384 | E13: 426904.88 | F13: 61030.026 | G13: 437531.46 | H13: 2282073 | I13: 3548923.2

Sheet AWP_2023 (4)
A1: List activity results and associated actions | B1: Q1 | C1: Q2 | D1: Q3 | E1: Q4 | F1: RESPONSIBLE PARTY | G1: Fund Code | H1: Donor Name | I1: Donor Code | J1: Account Code | K1: Budget Description | L1: Amount (USD) | M1: Notes
A2: 1.1.1: Support to electoral preparations through capacity-building programmes for staff that instill values and principles underpinning transparent elections. | B2: X | C2: X | D2: X | E2: X | F2: UNAMI/ UNDP | G2: 30000 | H2: USAID | I2: 10480 | J2: 71400 | K2: Contractual Services - Individ | L2: 10000
A3: 1.1.2: Development and delivery of operations planning and management training for IHEC senior management. | B3: X | C3: X | D3: X | E3: X | F3: UNAMI/ UNDP | G3: 30000 | H3: USAID | I3: 10480 | J3: 71400 | K3: Contractual Services - Individ | L3: 20000
A4: 1.1.3: Technical support on gender mainstreaming on election management, including developing and designing IHEC’s internal gender policy. | B4: X | C4: X | D4: X | E4: X | F4: UNAMI/ UNDP | G4: 30000 | H4: USAID | I4: 10480 | J4: 71400 | K4: Contractual Services - Individ | L4: 50000
A5: 1.1.4: Gender mainstream training for IHEC operations staff in Baghdad and governorate offices. | B5: X | C5: X | D5: X | E5: X | F5: UNAMI/ UNDP | G5: 30000 | H5: USAID | I5: 10480 | J5: 71400 | K5: Contractual Services - Individ | L5: 84000
A6: 1.1.5: UN support for electoral security planning through participation in the High Election Security Council meetings. | B6: X | C6: X | D6: X | E6: X | F6: UNAMI/ UNDP | G6: 30000 | H6: USAID | I6: 10480 | J6: 71400 | K6: Contractual Services - Individ | L6: 70000
A7: 1.1.6: Procurement and installation of conferencing capacities to facilitate management of meetings and trainings in IHEC HQ and GEOs during COVID-19 emergency. | B7: X | C7: X | D7: X | E7: X | F7: UNAMI/ UNDP | G7: 30000 | H7: USAID | I7: 10480 | J7: 71400 | K7: Contractual Services - Individ | L7: 40000
A8: 1.1.7: A lessons-learned workshop (facilitated by international experts) to identify challenges encountered along the electoral process and recommend solutions. | B8: X | C8: X | D8: X | E8: X | F8: UNAMI/ UNDP | G8: 30000 | H8: USAID | I8: 10480 | J8: 71400 | K8: Contractual Services - Individ | L8: 40000
A9: 1.1.8: Support to IHEC in Upgrading the Capacities of its Central Servers for Biometric Voter Registration | F9: UNAMI/ UNDP | K9: Information Technology Equipment
A10: 1.1.9: Establishing In-House Biometric Voter Card Printing Capacity | F10: UNAMI/ UNDP | K10: Information Technology Equipment
A11: 1.1.10: Package of Upgrade for IHEC GEO and HQ Network Capacities | B11: X | C11: X | D11: X | E11: X | F11: UNAMI/ UNDP | G11: 32045 | H11: Japan | I11: 141 | J11: 72800 | K11: Information Technology Equipment | L11: 395282.3
A12: 1.1.11: Support with E-Day COVID-19 Mitigation Measures for Polling Staff | B12: X | C12: X | D12: X | E12: X | F12: UNAMI/ UNDP | K12: Materials & Supplies
A13: Monitoring Costs | B13: X | C13: X | D13: X | E13: X | F13: UNAMI/ UNDP
A14: GMS (8%) | B14: X | C14: X | D14: X | E14: X | F14: UNDP | G14: 32045 | H14: Japan | I14: 141 | J14: 75100 | K14: Facilities & Administration | L14: =(L11*108/100)-L11 -> 31622.584
A15: GMS (8%) | B15: X | C15: X | D15: X | E15: X | F15: UNDP | G15: 30000 | H15: USAID | I15: 10480 | J15: 75100 | K15: Facilities & Administration | L15: =(SUM(L2:L5)+SUM(L6:L8))*108/100-SUM(L2:L5)-SUM(L6:L8) -> 25120
A16: 1.2.1: Design of a comprehensive capacity development strategy and action plan and monitoring and evaluation activities to assess its effectiveness. | B16: X | C16: X | D16: X | E16: X | F16: UNAMI/ UNDP | G16: 30000 | H16: USAID | I16: 10480 | J16: 61300 | K16: Salary & Post Adj Cst-IP Staff | L16: 10000
A17: 1.2.2: Design of an induction package and delivery of induction training for newly recruited GEO staff. Gender-responsive electoral processes will be integrated in the induction. | B17: X | C17: X | D17: X | E17: X | F17: UNAMI/ UNDP | G17: 30000 | H17: USAID | I17: 10480 | J17: 61300 | K17: Salary & Post Adj Cst-IP Staff | L17: 40000
A18: 1.2.3: Training for master trainers at IHEC HQ and governorate level, including on gender perspectives. | B18: X | C18: X | D18: X | E18: X | F18: UNAMI/ UNDP | G18: 30000 | H18: USAID | I18: 10480 | J18: 61300 | K18: Salary & Post Adj Cst-IP Staff | L18: 81000
A19: 1.2.4: Training on devolved results management, and specialized training in Information and Communication technology (ICT). | B19: X | C19: X | D19: X | E19: X | F19: UNAMI/ UNDP | K19: Training, Workshops & Conference and Travel
A20: 1.2.5: Training on electoral operations and procedures. COVID-19 Trainings | B20: X | C20: X | D20: X | E20: X | F20: UNAMI/ UNDP | K20: Training, Workshops & Conference and Travel
B21: X | C21: X | D21: X | E21: X | F21: UNAMI/ UNDP | K21: International/local consultants
A22: 1.2.6: Training on reporting and monitoring, using gender indicators on elections management. | B22: X | C22: X | D22: X | E22: X | F22: UNAMI/ UNDP | K22: Training, Workshops & Conference and Travel
A23: 1.2.7: Procurement and installation of conferencing facilities to supporting GEO remote training and meetings during COVID-19 emergency. | B23: X | C23: X | D23: X | E23: X | F23: UNAMI/ UNDP | K23: Information Technology Equipment
A24: Monitoring Costs
A25: GMS (8%) | B25: X | C25: X | D25: X | E25: X | F25: UNDP | G25: 30000 | H25: USAID | I25: 10480 | J25: 75100 | K25: Facilities & Administration | L25: =(L16+L17+L18)*108/100-L16-L17-L18 -> 10480 | M25: Not correctly included in the final budget approved by donor
A26: 1.3.1: Review of existing IHEC regulations and instructions to align with international best practices. | B26: X | C26: X | D26: X | E26: X | F26: UNAMI/ UNDP | K26: International/national Advisers
A27: 1.3.2: Advocacy and support and provision of technical advice in designing legislation and/or policy measures to promote the political participation and representation of women, youth and marginalized groups. | B27: X | C27: X | D27: X | E27: X | F27: UNAMI/ UNDP | K27: International/national Advisers
A28: 1.3.3: Provision of technical advice and assistance on monitoring and enforcement of existing electoral legislation; provide support in awareness raising of special measures to increase political participation of women, youth, the displaced and other marginalized groups. | B28: X | C28: X | D28: X | E28: X | F28: UNAMI/ UNDP | K28: International/national Advisers
A29: Monitoring Costs
A30: GMS (8%) | B30: X | C30: X | D30: X | E30: X | F30: UNDP | J30: 75100 | K30: Facilities & Administration
A31: 2.1.1: Support to the development of IHEC’s comprehensive communication and media strategy for elections. | B31: X | C31: X | D31: X | E31: X | F31: UNAMI/ UNDP | K31: International/ National Advisers
B32: X | C32: X | D32: X | E32: X | F32: UNAMI/ UNDP | K32: International/ National Advisers
A33: 2.1.2: Provision of technical advice and support on IHEC’s website and social media strategy to disseminate information relevant to the electoral process. | B33: X | C33: X | D33: X | E33: X | F33: UNAMI/ UNDP | K33: International/ National Advisers
A34: 2.1.3: Provision of technical advice to create a systematic and effective internal communications system (including setting up a corporate IHEC emailing system and improve connectivity between HQ and GEOs). | B34: X | C34: X | D34: X | E34: X | F34: UNAMI/ UNDP | K34: International/ National Advisers
A35: Monitoring Costs
A36: GMS (8%) | B36: X | C36: X | D36: X | E36: X | F36: UNDP | J36: 75100 | K36: Facilities & Administration
A37: 2.2.1: Conduct an internal assessment of IHEC’s gender policies, to identify gaps in existing practices and identify opportunities for gender mainstreaming. | B37: X | C37: X | D37: X | E37: X | F37: UNAMI/ UNDP | G37: 30000 | H37: USAID | I37: 10480 | J37: 61300 | K37: Salary & Post Adj Cst-IP Staff | L37: 89810
A38: 2.2.2: Provide guidance and support to development of an internal gender policy which defines IHEC´s operational objectives, responsibilities and targets on gender equality - on human resources, operations and staff capacity development. | B38: X | C38: X | D38: X | E38: X | F38: UNAMI/ UNDP | G38: 30000 | H38: USAID | I38: 10480 | J38: 61300 | K38: Salary & Post Adj Cst-IP Staff | L38: 75000
A39: 2.2.3: Provision of training on gender responsive electoral processes. | B39: X | C39: X | D39: X | E39: X | F39: UNAMI/ UNDP | G39: 30000 | H39: USAID | I39: 10480 | J39: 61300 | K39: Salary & Post Adj Cst-IP Staff | L39: 80000
A40: 2.2.4: Provision of guidance and support to the IHEC’s gender unit/focal point | B40: X | C40: X | D40: X | E40: X | F40: UNAMI/ UNDP | G40: 30000 | H40: USAID | I40: 10480 | J40: 61300 | K40: Salary & Post Adj Cst-IP Staff | L40: 70000
A41: 2.2.5: Provision of training and support for awareness-raising strategies to help IHEC promote youth and marginalized groups’ participation and representation in electoral processes. | B41: X | C41: X | D41: X | E41: X | F41: UNAMI/ UNDP
A42: Monitoring Costs | B42: X | C42: X | D42: X | E42: X | F42: UNAMI
A43: GMS (8%) | B43: X | C43: X | D43: X | E43: X | F43: UNDP | G43: 30000 | H43: USAID | I43: 10480 | J43: 75100 | K43: Facilities & Administration | L43: =(L37+L38+L39+L40)*108/100-L37-L38-L39-L40 -> 25184.8
A44: 3.1.1 'Support to the voter registration process for more accurate voters´ lists | B44: X | C44: X | D44: X | E44: X | F44: UNAMI/ UNDP | K44: Training, Workshops & Conference + Travel
A45: 3.1.2 'Development of D-day procedures and training manuals, including production of innovative training tools | B45: X | C45: X | D45: X | E45: X | F45: UNAMI/ UNDP | K45: Training, Workshops & Conference + Travel
A46: 3.1.3 'Assisting in the formulation and implementation of cascade training plan | B46: X | C46: X | D46: X | E46: X | F46: UNAMI/ UNDP | K46: Training, Workshops & Conference + Travel
A47: 3.1.4 'Support for the preparation and management of a Results Management System (RMS) | B47: X | C47: X | D47: X | E47: X | F47: UNAMI/ UNDP | K47: Training, Workshops & Conference + Travel
B48: X | C48: X | D48: X | E48: X | F48: UNAMI/ UNDP | K48: Training, Workshops & Conference + Travel
A49: 3.1.5 'Training and ongoing support to IHEC staff on Results Management, seats allocation and Information and Communication Technology (ICT) | B49: X | C49: X | D49: X | E49: X | F49: UNAMI/ UNDP | K49: Training, Workshops & Conference + Travel
A50: Monitoring Costs | B50: X | C50: X | D50: X | E50: X | F50: UNAMI
A51: GMS (8%) | B51: X | C51: X | D51: X | E51: X | F51: UNDP | J51: 75100 | K51: Facilities & Administration | L51: =SUM(L44:L50)*108/100-SUM(L44:L50) -> 0
A52: 3.2.1 'Administer a small grants programme to support civil society groups in the implementation of countrywide voter education campaigns: The provision of small targeted grants will enable the involvement of youth groups in a voter participation campaign specifically targeting youth; groups representing people with disabilities, to reach out to disabled voters; and the dissemination of civic and voter education to IDPs and minority communities. | B52: X | C52: X | D52: X | E52: X | F52: UNAMI/ UNDP | K52: Training, Workshops & Conference + Travel
A53: 3.2.2 'Support for the production of voter education materials | B53: X | C53: X | D53: X | E53: X | F53: UNAMI/ UNDP | K53: Training, Workshops & Conference + Travel
A54: 3.2.3 'Support for a youth motivational campaign using social media | B54: X | C54: X | D54: X | E54: X | F54: UNAMI/ UNDP | K54: Training, Workshops & Conference + Travel
A55: Monitoring Costs | F55: UNAMI
A56: GMS (8%) | B56: X | C56: X | D56: X | E56: X | F56: UNDP | J56: 75100 | K56: Facilities & Administration | L56: =SUM(L52:L55)*108/100-SUM(L52:L55) -> 0
A57: 3.3.1 'Support for regular IHEC briefing of electoral stakeholders, such as political parties, media and civil society groups | B57: X | C57: X | D57: X | E57: X | F57: UNAMI/ UNDP | K57: Training, Workshops & Conference + Travel
A58: 3.3.2 'Support for the establishment of a well-equipped, fully functional IHEC Media Centre | B58: X | C58: X | D58: X | E58: X | F58: UNAMI/ UNDP | K58: Information Technology Equipment
B59: X | C59: X | D59: X | E59: X | F59: UNAMI/ UNDP | K59: Information Technology Equipment
A60: 3.3.3 Support for the establishment of IHEC Governorate Results Announcement Centers (GEO RAC) complementary to National Results Announcement Center (NRAC) in Baghdad' | B60: X | C60: X | D60: X | E60: X | F60: UNAMI/ UNDP | K60: Information Technology Equipment + Assessment
B61: X | C61: X | D61: X | E61: X | F61: UNAMI/ UNDP | K61: Information Technology Equipment + Assessment
A62: Monitoring Costs
A63: GMS (8%) | B63: X | C63: X | D63: X | E63: X | F63: UNDP | J63: 75100 | K63: Facilities & Administration | L63: =SUM(L57:L62)*108/100-SUM(L57:L62) -> 0
A64: 3.4.1 Training for female candidates | B64: X | C64: X | D64: X | E64: X | F64: UNAMI/ UNDP | K64: Training, Workshops & Conference + Travel
A65: 3.4.2 Support to IHEC in developing an electoral Code of Conduct (in collaboration with UNAMI´s Office of Political Affairs) | B65: X | C65: X | D65: X | E65: X | F65: UNAMI/ UNDP | K65: Training, Workshops & Conference + Travel
A66: 3.4.3 Delivery of specialized training to counter hate speech | B66: X | C66: X | D66: X | E66: X | F66: UNAMI/ UNDP | K66: Training, Workshops & Conference + Travel
A67: Monitoring Costs
A68: GMS (8%) | B68: X | C68: X | D68: X | E68: X | F68: UNDP | J68: 75100 | K68: Facilities & Administration | L68: =SUM(L64:L67)*108/100-SUM(L64:L67) -> 0
A69: 3.5.1 'Review of IHEC complaints adjudication system | B69: X | C69: X | D69: X | E69: X | F69: UNAMI/ UNDP | K69: Training, Workshops & Conference + Travel
A70: 3.5.2 Support to development of appeals regulation | B70: X | C70: X | D70: X | E70: X | F70: UNAMI/ UNDP | K70: Training, Workshops and Confer
A71: 3.5.3 'Specialised training on the complaints adjudication system and appeals system | B71: X | C71: X | D71: X | E71: X | F71: UNAMI/ UNDP | K71: Training, Workshops and Confer
A72: 3.5.4'Public information campaign for electoral stakeholders and electorate | F72: UNAMI/ UNDP | K72: Training, Workshops & Conference + Travel
A73: Monitoring Costs
A74: 3.5.1 'Review of IHEC complaints adjudication system | B74: X | C74: X | D74: X | E74: X | F74: UNAMI/ UNDP | K74: Training, Workshops & Conference + Travel
A75: 3.5.2 Support to development of appeals regulation | B75: X | C75: X | D75: X | E75: X | F75: UNAMI/ UNDP | K75: Training, Workshops and Confer
A76: 3.5.3 'Specialised training on the complaints adjudication system and appeals system | B76: X | C76: X | D76: X | E76: X | F76: UNAMI/ UNDP | K76: Training, Workshops and Confer
A77: 3.5.4'Public information campaign for electoral stakeholders and electorate | F77: UNAMI/ UNDP | K77: Training, Workshops & Conference + Travel
A78: Monitoring Costs
A79: GMS (8%) | B79: X | C79: X | D79: X | E79: X | F79: UNDP | J79: 75100 | K79: Facilities & Administration | L79: =SUM(L69:L78)*108/100-SUM(L69:L78) -> 0
A80: 3.6.1 'Recruitment of top quality, experienced project personnel. | B80: X | C80: X | D80: X | E80: X | F80: UNAMI/ UNDP | G80: 30000 | H80: USAID | I80: 10480 | J80: 61300 | K80: Salary & Post Adj Cst-IP Staff | L80: 1076213.2
A81: 3.6.1 'Recruitment of top quality, experienced project personnel. | B81: X | C81: X | D81: X | E81: X | F81: UNAMI/ UNDP | G81: 30000 | H81: SIDA | I81: 00555 | J81: 61300 | K81: Salary & Post Adj Cst-IP Staff | L81: 341121.72
A82: 3.6.1 'Recruitment of top quality, experienced project personnel. | B82: X | C82: X | D82: X | E82: X | F82: UNAMI/ UNDP | G82: 30079 | H82: EU | I82: 10159 | J82: 61300 | K82: Salary & Post Adj Cst-IP Staff | L82: 232904.06
A83: 3.6.1 'Recruitment of top quality, experienced project personnel. | B83: X | C83: X | D83: X | E83: X | F83: UNAMI/ UNDP | G83: 30000 | H83: USAID | I83: 10480 | J83: 71400 | K83: Salary & Post Adj Cst-IP Staff | L83: 173007.4
A84: 3.6.2 'Oversight of, and close engagement with, the project by UNAMI senior leadership and OEA. | B84: X | C84: X | D84: X | E84: X | F84: UNAMI/ UNDP | G84: 30000 | H84: Norway | I84: 10503 | J84: 71200 | K84: International Consultant | L84: 56509.283
A85: 3.6.3 'Procurement of equipment, transport and communication means; COVID-19 protective equipment and preparedness; security for staff deployment. | B85: X | C85: X | D85: X | E85: X | F85: UNAMI/ UNDP | G85: 30000 | H85: France | I85: 112 | J85: 74000 | K85: Miscellaneous Operating Expens | L85: 9192.0222
A86: 3.6.4 'A substantive project monitoring, evaluation and reporting mechanism is put in place. Conduct a Project Evaluation’ | B86: X | C86: X | D86: X | E86: X | F86: UNAMI/ UNDP | G86: 30000 | H86: USAID | I86: 10480 | J86: 71200 | K86: International Consultant | L86: 40000
A87: 3.6.5 Full collaboration and co-operation with IHEC staff, its leadership | B87: X | C87: X | D87: X | E87: X | F87: UNAMI/ UNDP | K87: Training, Workshops & Conference + Travel
A88: 3.6.6: Programmatic contingency funding to be used only for programmatic activities | B88: X | C88: X | D88: X | E88: X | F88: UNAMI/ UNDP | K88: Training, Workshops & Conference + Travel
A89: Monitoring Costs | B89: X | C89: X | D89: X | E89: X | F89: UNAMI/ UNDP | G89: 30000 | H89: France | I89: 112 | J89: 74000 | K89: Miscellaneous Operating Expens | L89: 10000
A90: GMS (8%) | B90: X | C90: X | D90: X | E90: X | F90: UNDP | G90: 30000 | H90: Norway | I90: 10503 | J90: 75100 | K90: Facilities & Administration | L90: =(L84*108/100)-L84 -> 4520.7427
A91: GMS (8%) | B91: X | C91: X | D91: X | E91: X | F91: UNDP | G91: 30079 | H91: EU | I91: 10159 | J91: 75100 | K91: Facilities & Administration | L91: =(L82)*108/100-L82 -> 18632.325
A92: GMS (8%) | B92: X | C92: X | D92: X | E92: X | F92: UNDP | G92: 30000 | H92: SIDA | I92: 00555 | J92: 75100 | K92: Facilities & Administration | L92: =(L81)*108/100-L81 -> 27289.738
A93: GMS (8%) | B93: X | C93: X | D93: X | E93: X | F93: UNDP | G93: 30000 | H93: France | I93: 112 | J93: 75100 | K93: Facilities & Administration | L93: =(L89+L85)*108/100-(L85+L89) -> 1535.3618
A94: GMS (8%) | B94: X | C94: X | D94: X | E94: X | F94: UNDP | G94: 30000 | H94: USAID | I94: 10480 | J94: 75100 | K94: Facilities & Administration | L94: =(L80+L83+L86)*108/100-L80-L83-L86 -> 103137.65
A95: DPC for Country Office Support Services | B95: X | C95: X | D95: X | E95: X | F95: UNDP | G95: 30079 | H95: EU | I95: 10159 | J95: 74500 | K95: Staff Mgmt Costs - IP Staff (Services to Projects) | L95: 64000
A96: DPC for Country Office Support Services | B96: X | C96: X | D96: X | E96: X | F96: UNDP | G96: 30000 | H96: USAID | I96: 10480 | J96: 74500 | K96: Staff Mgmt Costs - IP Staff (Services to Projects) | L96: 64000
A97: DPC for Country Office Support Services | B97: X | C97: X | D97: X | E97: X | F97: UNDP | G97: 30000 | H97: SIDA | I97: 00555 | J97: 74500 | K97: Staff Mgmt Costs - IP Staff (Services to Projects) | L97: 64000
A98: GMS (8%) | B98: X | C98: X | D98: X | E98: X | F98: UNDP | G98: 30079 | H98: EU | I98: 10159 | J98: 75100 | K98: Facilities & Administration | L98: =L95*108/100-L95 -> 5120
A99: GMS (8%) | B99: X | C99: X | D99: X | E99: X | F99: UNDP | G99: 30000 | H99: USAID | I99: 10480 | J99: 75100 | K99: Facilities & Administration | L99: =L96*108/100-L96 -> 5120
A100: GMS (8%) | B100: X | C100: X | D100: X | E100: X | F100: UNDP | G100: 30000 | H100: SIDA | I100: 00555 | J100: 75100 | K100: Facilities & Administration | L100: =L97*108/100-L97 -> 5120
...

Sheet Procurement Plan
A2: Procurement Plan 2023
A3: Country Office | C3: UNDP Iraq
A4: Submitted By Project: | C4: 131655
A5: Year | C5: 2023
A6: Updated on: | C6: 44946
A8: Requesting Unit (Project Name) | B8: ATLAS Project Number | C8: ATLAS Output Number | D8: Procurement Year | E8: Type of Procurement Action (Civil Work, Goods, Services or ICs) | F8: Procurement Category (Refer next Sheet) | G8: Title of Procurement Action | H8: Number of Units | I8: Is this Request an Amendment? | J8: Amendment value (USD) | K8: Proposed date of Submission of Documents to Procurement | L8: Planned Start Date | M8: Estimated Contract Duration ( #of Days, Weeks, Months, Years) | N8: Estimated Contract Value (USD) | O8: Delivery Location | P8: Comments | Q8: Expection completion date | R8: Primary Focal Point | S8: Alternate Focal Point | T8: Status (Cancelled/ CO_PO Issued/Work Completed/Close PO)
A9: Suport to Iraq Elections _ Capacity Development | B9: 131655 | C9: 124641 | D9: 2023 | E9: ICs | F9: International Consultancy | G9: External Evaluation Consultant | H9: 1 | I9: No | J9: N/A | K9: 45078 | L9: 45170 | M9: 40 days | N9: 40000 | O9: Baghdad | Q9: 45291 | R9: Sammy Alfandika | S9: Worknesh Katema
B35: Type | D35: Procurement Category
B36: Civil Works | D36: Contruction -Horizontal
B37: Goods | D37: Construction- Vertical
B38: Individual Contracts | D38: Rehabilization Infrastructure
B39: Services | D39: Armored Vechiles
D40: Computer Software
D41: Contraceptives
D42: Drugs and Pharmaceuticals
D43: Election Items
D44: Furniture and Fixtures
D45: Generators
D46: ICT Equipment
D47: Medical and Laboratory Equipment/Supplies
D48: Meteorological Equipment
D49: Motor Vehicles and Parts
D50: Pesticides/Herbicides
D51: Phone/VHF/HF Equipment
... D75: Other services

Sheet Programmatic Selection Plan
A2: Programmatic Selection Processes for Responsible Parties & Low Value Grant Recipients
A3: Country Office | C3: UNDP Iraq
A4: Submitted By Project: | C4: Support to Iraq Electoral Process- Capacity Development
A5: Year | C5: 2020-2023
A6: Updated on: | C6: 44946
A8: Requesting Unit (Project Name) | B8: ATLAS Project Number | C8: ATLAS Output Number | D8: Selection Year | E8: Type of Institution (NGO/ Government) | F8: Type of Selection (Responsible Party or Grant Recipient) | G8: Selection Process (Collaborative Advantage Analysis for RP / Call for Proposal for LVG Recipient) | H8: Agreement Type (Responsible Party Agreement or Letter of Agreement or LVGA) | I8: Type of Actvities/Deliverables | J8: Proposed date of Submission of TOR to PMSU | K8: Proposed date to start Selection Process | L8: Contract Start Date | M8: Estimated Agreement(s) Value (USD) | N8: Comments | O8: Primary Focal Point | P8: Alternate Focal Point | Q8: HACT Applicability- YES or NO
A9: Support to Iraq Electoral Process- Capacity Development | B9: 131655 | C9: 124641 | D9: 2020 | E9: Government (IHEC) | F9: Responsible Party (UNDP/UNAMI) | G9: Collaborative Advantage Analysis for RP | H9: Responsible Party Agreement | I9: Institutional capacity building activities | J9: N/A | K9: N/A | L9: N/A | M9: N/A | O9: Sammy Alfandika | P9: Worknesh Katema
B35: Type | D35: Procurement Category
B36: Civil Works | D36: Contruction -Horizontal
B37: Goods | D37: Construction- Vertical
B38: Individual Contracts | D38: Rehabilization Infrastructure
B39: Services | D39: Armored Vechiles
D40: Computer Software
D41: Contraceptives
D42: Drugs and Pharmaceuticals
D43: Election Items
D44: Furniture and Fixtures
D45: Generators
D46: ICT Equipment
D47: Medical and Laboratory Equipment/Supplies
D48: Meteorological Equipment
D49: Motor Vehicles and Parts
D50: Pesticides/Herbicides
D51: Phone/VHF/HF Equipment
... D75: Other services

Sheet Costed Monitoring Plan
A1: Costed Annual Monitoring & Evaluation Plan 20xx
A2: Project/Programme Title:
A3: Project ID:
A4: Output ID:
A5: Monitoring Activity | B5: Purpose | C5: Frequency | D5: Estimated Dates | E5: Expected Action | F5: Partners (if Joint) | G5: Cost (USD) - Should Link to Allocations in the Work Plan
A7: Track results progress | B7: Progress data against the results indicators in the RRF will be collected and analysed to assess the progress of the project in achieving the agreed outputs. | C7: Quarterly on in the frequency required by each indicator | D7: April, July, October and December | E7: Slower than expected progress will be addressed by project management. | F7: UNAMI/UNDP | G7: 1000
A8: Monitor and Manage Risk | B8: Identify specific risks that may threaten achievement of intended results. Identify and monitor risk management actions using a risk log. This includes monitoring measures and plans that may have been required as per UNDP’s Social and Environmental Standards. Audits will be conducted in accordance with UNDP’s audit policy to manage financial risk. | C8: Quarterly | D8: April, July, October and December | E8: Risks are identified by project management and actions are taken to manage risk. The risk log is actively maintained to keep track of identified risks and actions taken. | F8: UNAMI/UNDP | G8: 2000
A9: Learn | B9: Knowledge, good practices and lessons will be captured regularly, as well as actively sourced from other projects and partners and integrated back into the project. | C9: At the end of the project | D9: 45291 | E9: Relevant lessons are captured by the project team and used to inform management decisions. | F9: UNAMI/UNDP | G9: 1000
A10: Annual Project Quality Assurance | B10: The quality of the project will be assessed against UNDP’s quality standards to identify project strengths and weaknesses and to inform management decision making to improve the project. | C10: Annually | D10: 45291 | E10: Areas of strength and weakness will be reviewed by project management and used to inform decisions to improve project performance. | F10: UNAMI/UNDP | G10: 1000
A11: Review and Make Course Corrections | B11: Internal review of data and evidence from all monitoring actions to inform decision making. | C11: At six months | D11: 45108 | E11: Performance data, risks, lessons and quality will be discussed by the project board and used to make course corrections. | F11: UNAMI/UNDP | G11: 2000
A12: Project Report | B12: A progress report will be presented to the Project Board and key stakeholders, consisting of progress data showing the results achieved against pre-defined annual targets at the output level, the annual project quality rating summary, an updated risk long with mitigation measures, and any evaluation or review reports prepared over the period. | C12: Annual report and final progress report | D12: Proposed Date for 2022 Report: March 2023 Proposed Date for 2023 Report: March 2024 | F12: UNAMI/UNDP | G12: 2000
A13: Project Review (Project Board) | B13: The project’s governance mechanism (i.e., project board) will hold regular project reviews to assess the performance of the project and review the Multi-Year Work Plan to ensure realistic budgeting over the life of the project. In the project’s final year, the Project Board shall hold an end-of project review to capture lessons learned and discuss opportunities for scaling up and to socialize project results and lessons learned with relevant audiences. | C13: Atleast annually | D13: 45170 | E13: Any quality concerns or slower than expected progress should be discussed by the project board and management actions agreed to address the issues identified. | F13: UNAMI/UNDP/IHEC | G13: 1000
A14: Project (DIM) Audit | B14: Audit Commissioned by the Office of Audit an investigation for Directly Implementatiom Modality in keeping with UNDP's Rules and Regulations. | C14: Annually | D14: 410412 | F14: UNAMI/UNDP | G14: 10000
A15: Spot-Checks for Responsible Parties | B15: Within the Harmonized Approach to Cash Transfer (HACT) framework, spot-checks conducted by a Third-Party Service Provider on Responsible Party Expenditure. Spot-checks to be completed in accordance with the Assurance Plan developed for each Responsible Party.
A16: Audits for Responsible Parties | B16: Within the Harmonized Approach to Cash Transfer (HACT) framework, annual audit of Responsible Party Expenditure.
A19: Evaluation Title | B19: Related Strategic Plan Output | C19: UNDAF/CPD Outcome | E19: Planned Start & Completion Date | F19: Key Evaluation Stakeholders | G19: Cost and Source of Funding
A20: Final Independent external evaluation | B20: Output 2.2.2 Constitution-making, electoral and parliamentary processes and institutions strengthened to promote inclusion, transparency and accountability. | C20: UNSDCF 2020-2024 OUTCOME INVOLVING UNDP 3.2 | E20: September to December 2023 | F20: UNAMI/UNDP/IHEC | G20: 40000
